 Dungeon Crawl Stone Soup version 0.30.1-11-g7821555f0a (webtiles) character file.

Game seed: 5999745274159387132

28253 lonewolfV2 the Cleaver (level 13, -1/116 HPs)
             Began as a Minotaur Fighter on Nov 9, 2023.
             Was the Champion of Qazlal.
             Slain by a reaper
             ... wielding a +1 scythe of freezing
              (10 damage)
             ... in an ice cave.
             The game lasted 00:30:39 (13194 turns).

lonewolfV2 the Cleaver (Minotaur Fighter)          Turns: 13194, Time: 00:30:40

Health: -1/116     AC: 20    Str: 30    XL:     13   Next: 8%
Magic:  20/20      EV: 11    Int:  5    God:    Qazlal [******]
Gold:   442        SH: 17    Dex: 12    Spells: 12/12 levels left

rFire   . . .        z - +16 obsidian axe {drain, demonic, Mesm Drain Fly SInv}
rCold   + . .        f - +1 kite shield
rNeg    . . .        g - +0 plate armour
rPois   .            (helmet restricted)
rElec   .            p - +0 cloak
rCorr   .            n - +0 pair of gloves
SInv    +            F - +1 pair of boots
Will    .....        s - amulet of regeneration Stlth
                     E - +6 ring of strength
HPRegen 1.19/turn    (no ring)
MPRegen 0.17/turn

%: repel missiles
@: protected from cold, flying, mesmerised, studying Translocations
A: horns 2, retaliatory headbutt
a: Renounce Religion, Upheaval, Elemental Force, Disaster Area


You were in an ice cave.
You worshipped Qazlal.
Qazlal was exalted by your worship.
You visited 1 branch of the dungeon, and saw 13 of its levels.
You also visited: Ice Cave.

You collected 916 gold pieces.
You spent 474 gold pieces at shops.

Inventory:

Hand Weapons
 a - a +0 war axe
 y - a +3 morningstar
 z - the +16 obsidian axe (weapon) {drain, demonic, Mesm Drain Fly SInv}
   (You bought it in a shop on level 4 of the Dungeon)

   Mesm:      Its wielder is mesmerised by any visible foes, and it cannot be
   unequipped while any foes are visible.
   SInv:      It lets you see invisible.
   Fly:       It grants you flight.
   Drain:     It drains your maximum health when unequipped.
 D - the +8 falchion of Absolution {flame, *Rage Int+2 Dex+3}
   (You found it on level 10 of the Dungeon)

   Int:       It affects your intelligence (+2).
   Dex:       It affects your dexterity (+3).
   *Rage:     It berserks you when you make melee attacks (+20% chance).
Armour
 f - a +1 kite shield (worn)
 g - a +0 plate armour (worn)
 i - a +2 scale mail of cold resistance
 n - a +0 pair of gloves (worn)
 p - a +0 cloak (worn)
 x - a +0 chain mail
 F - a +1 pair of boots (worn)
Jewellery
 s - an amulet of regeneration (around neck)
 E - a +6 ring of strength (left hand)
 J - a ring of flight
 K - a ring of ice
Wands
 k - a wand of iceblast (6)
 r - a wand of paralysis (13)
 w - a wand of mindburst (19)
 A - a wand of flame (15)
Scrolls
 l - 5 scrolls of teleportation
 t - 3 scrolls of magic mapping
 u - 2 scrolls of fear
 v - 2 scrolls of fog
 G - a scroll of poison
 I - a scroll of enchant weapon {unknown}
Potions
 b - a potion of brilliance
 c - 2 potions of cancellation
 d - 2 potions of might
 e - 3 potions of flight
 h - 4 potions of degeneration
 j - 2 potions of resistance
 m - 5 potions of attraction
 o - 3 potions of heal wounds {unknown}
 q - a potion of magic
 B - 2 potions of mutation
 C - a potion of berserk rage {unknown}
Miscellaneous
 L - a phial of floods


   Skills:
 + Level 11.5 Fighting
 + Level 13.8 Axes
 - Level 11.6 Armour
 - Level 10.6 Dodging
 - Level 3.6 Shields
 + Level 10.7 Invocations


You had 12 spell levels left.
You didn't know any spells.
Your spell library contained the following spells:

 Spells                   Type           Power      Damage    Failure   Level
 Beastly Appendage        Tmut           0%         N/A       100%        1
 Magic Dart               Conj           0%         1d3       100%        1
 Shock                    Conj/Air       0%         1d3       100%        1
 Blink                    Tloc           0%         N/A       100%        2
 Call Imp                 Summ           0%         N/A       100%        2
 Ensorcelled Hibernation  Hex/Ice        0%         N/A       100%        2
 Lesser Beckoning         Tloc           0%         N/A       100%        2
 Momentum Strike          Conj/Tloc      0%         3d8       100%        2
 Scorch                   Fire           0%         2d5       100%        2
 Sublimation of Blood     Necr           0%         N/A       100%        2
 Wereblood                Tmut           0%         N/A       100%        2
 Gell's Gravitas          Tloc           0%         N/A       100%        3
 Mephitic Cloud           Conj/Pois/Air  0%         N/A       100%        3
 Portal Projectile        Hex/Tloc       0%         N/A       100%        3
 Spider Form              Tmut/Pois      0%         N/A       100%        3
 Summon Guardian Golem    Hex/Summ       0%         N/A       100%        3
 Swiftness                Air            0%         N/A       100%        3
 Teleport Other           Tloc           0%         N/A       100%        3
 Tukima's Dance           Hex            0%         N/A       100%        3
 Airstrike                Air            0%         2d(0-16)  100%        4
 Anguish                  Hex/Necr       0%         N/A       100%        4
 Flame Wave               Conj/Fire      0%         2d4       100%        4
 Petrify                  Tmut/Erth      0%         N/A       100%        4
 Blade Hands              Tmut           0%         N/A       100%        5
 Irradiate                Conj/Tmut      0%         3d11      100%        5
 Summon Cactus Giant      Summ           0%         N/A       100%        6
 Orb of Destruction       Conj           0%         9d5       100%        7
 Spellforged Servitor     Conj/Summ      0%         N/A       100%        7


Dungeon Overview and Level Annotations

Branches:
Dungeon (13/15)            Temple (0/1) D:4            Lair (0/5) D:11
    Orc (0/2) D:10          IceCv (1/1)
 Vaults: D:13-14

Altars:
Cheibriados
Elyvilon
Gozag
Hepliaklqana
Nemelex Xobeh
Okawaru
Qazlal
Trog
Uskayaw
Vehumet
Wu Jian
Zin

Shops:
D:1 !   D:2 [   D:3 *   D:4 *

Portals:
Abyss: D:4


Innate Abilities, Weirdness & Mutations

You have a pair of horns on your head.
You reflexively headbutt those who attack you in melee.


Message History

You kill the ice devil!
Qazlal accepts your kill.
Visions of slaying the troll simulacrum flood into your mind.
Your hellwing is engulfed in freezing vapours.
You block the troll simulacrum's attack.
The troll simulacrum barely misses you.
The troll simulacrum closely misses you.
The reaper hits you from afar with a +1 scythe of freezing!!!
You feel protected from physical attacks.
The reaper freezes you!
Your hellwing is engulfed in blazing flames.
You block the reaper's attack.
You block the three-headed hydra simulacrum's attack. x2
The three-headed hydra simulacrum bites you.
The three-headed hydra simulacrum freezes you!!
Your resistance to physical damage fades away.
You feel protected from cold.
* * * LOW HITPOINT WARNING * * *
The troll simulacrum bites you.
* * * LOW HITPOINT WARNING * * *
The troll simulacrum freezes you. You resist.
You feel more protected from cold.
* * * LOW HITPOINT WARNING * * *
The troll simulacrum claws you.
* * * LOW HITPOINT WARNING * * *
The troll simulacrum freezes you. You resist.
* * * LOW HITPOINT WARNING * * *
The troll simulacrum claws you but does no damage.
You feel better.
Visions of slaying the three-headed hydra simulacrum flood into your mind.
Your hellwing is engulfed in freezing vapours.
The ice devil hits your hellwing but does no damage.
The reaper hits you with a +1 scythe of freezing!!
* * * LOW HITPOINT WARNING * * *
Your resistance to cold fades away.
You feel protected from physical attacks.
Your resistance to physical damage fades away.
You feel protected from cold. The reaper freezes you!
You die...

#### #....##
#...# ##..##
..... #...##
.....# ##...#
.... ###..##
##..##○##..#
#..○4#○§#..#
#24§°§§..#
##@.#.#.......#
#ZZ###...##..#
...§# #..## .
..#.Z.# ##.#
... #...# .. ..
#...# ... .
#.... ... .....


You could see a reaper, an ice devil (ally target), a three-headed hydra
simulacrum (mesmerising), a death yak simulacrum, a troll simulacrum and a
friendly hellwing (summoned).

Vanquished Creatures
  Frances (D:12)
  Kirke (D:12)
  2 boulder beetles (D:13)
  2 two-headed ogres
  Pikel (D:7)
  An orc knight (D:11)
  A wolf spider (D:13)
  2 ugly things (D:12)
  A manticore (D:12)
  2 cyclopes (D:13)
  Maurice (D:9)
  2 ice statues (IceCv)
  Joseph (D:7)
  An unseen horror (D:11)
  A komodo dragon (D:13)
  Psyche (D:12)
  5 ice devils
  An anaconda simulacrum (IceCv)
  A hornet (D:9)
  2 trolls (D:11)
  The ghost of jakobj the Cutter, an amateur DsGl of Dithmenos (D:6)
  A slime creature (D:13)
  2 shadows
  2 wraiths
  2 vampires
  A water elemental (D:11)
  A basilisk (D:13)
  A spriggan (shapeshifter) (D:13)
  2 hogs (D:12)
  A human (D:12)
  16 yaks
  The ghost of zoopyjoobles the Conjurer, an amateur DrHW (D:4)
  Menkaure (D:7)
  2 vampire mosquitoes (D:10)
  2 acid dragons (D:12)
  2 water moccasins
  2 black bears
  5 orc warriors
  A sky beast (D:6)
  An ice beast (D:6)
  6 ogres
  A boggart (D:13)
  3 wolves (D:11)
  5 centaurs
  2 lemures (D:7)
  A gnoll sergeant (D:8)
  5 scorpions
  2 two-headed ogre simulacra (IceCv)
  7 bullfrogs
  17 wights
  A small abomination (D:4)
  An elephant simulacrum (IceCv)
  12 killer bees
  2 electric eels (D:11)
  9 howler monkeys
  11 hounds
  2 jellies
  7 orc priests
  5 gnoll boudas (D:8)
  An iron imp (D:4)
  A sleepcap (D:3)
  Ijyb (D:4)
  Terence (D:3)
  2 iguanas
  16 orc wizards
  A spriggan simulacrum (IceCv)
  3 troll simulacra (IceCv)
  A polar bear simulacrum (IceCv)
  2 wolf simulacra (IceCv)
  19 gnolls
  2 naga simulacra (IceCv)
  11 adders
  2 shadow imps
  3 white imps
  2 ufetubi
  2 worms (D:2)
  60 orcs
  6 endoplasms
  4 giant cockroaches
  6 goblins
  5 hobgoblins
  4 jackals
  15 kobolds
  4 quokkas
  8 ball pythons
  5 bats
  5 frilled lizards
  2 rats
370 creatures vanquished.

Vanquished Creatures (collateral kills)
  3 centaur warriors (D:13)
  A deep elf pyromancer (D:12)
  An ugly thing (D:13)
  A freezing wraith (IceCv)
  2 ice devils (IceCv)
  2 trolls
  A yak (D:11)
  3 wraiths
  An orc warrior (D:11)
  A cane toad simulacrum (IceCv)
  A howler monkey (D:12)
  A hound (D:11)
  2 orc wizards
  3 orcs (D:11)
23 creatures vanquished.

Vanquished Creatures (others)
  2 orcs (D:7)
2 creatures vanquished.

Grand Total: 395 creatures vanquished

Notes
Turn   | Place    | Note
-------+----------+-------------------------------------------
     0 | D:1      | lonewolfV2 the Minotaur Fighter began the quest for the
                  | Orb.
     0 | D:1      | Reached XP level 1. HP: 19/19 MP: 0/0
   231 | D:1      | Reached XP level 2. HP: 28/28 MP: 1/1
   423 | D:1      | Found Xoejacue's Distillery.
   461 | D:1      | Found a faded altar of an unknown god.
   582 | D:1      | Prayed at the altar of an unknown god.
   582 | D:1      | Became a worshipper of Uskayaw the Reveller
   582 | D:1      | Reached * piety under Uskayaw
   585 | D:1      | Fell from the grace of Uskayaw
   691 | D:2      | Reached skill level 5 in Fighting
   691 | D:2      | Reached XP level 3. HP: 36/36 MP: 2/2
  1095 | D:2      | You fall into a shaft and drop 1 floor!
  1115 | D:3      | Noticed a scorpion
  1119 | D:3      | Killed a scorpion
  1120 | D:3      | Reached XP level 4. HP: 41/45 MP: 3/3
  1151 | D:3      | Noticed Terence
  1164 | D:3      | Killed Terence
  1200 | D:2      | Reached XP level 5. HP: 51/51 MP: 4/4
  1259 | D:2      | Found Engaopyz's Antique Armour Shop.
  2055 | D:3      | Found Gohoezow's General Store.
  2113 | D:3      | Found a hide-covered altar of Uskayaw.
  2539 | D:4      | Noticed a black bear
  2547 | D:4      | Killed a black bear
  2548 | D:4      | Reached XP level 6. HP: 59/62 MP: 5/5
  2576 | D:4      | Found a transporter.
  2577 | D:4      | Found a one-way gate to the infinite horrors of the Abyss.
  2596 | D:4      | Found an opulent altar of Gozag.
  2630 | D:4      | Noticed zoopyjoobles's ghost (amateur DrHW)
  2709 | D:4      | Found a glowing silver altar of Zin.
  2709 | D:4      | Found a hazy altar of Hepliaklqana.
  2710 | D:4      | Found an iron altar of Okawaru.
  2719 | D:4      | Found a stormy altar of Qazlal.
  2731 | D:4      | Became a worshipper of Qazlal Stormbringer
  2822 | D:4      | Reached skill level 1 in Invocations
  2831 | D:4      | Noticed Ijyb
  2843 | D:4      | Killed Ijyb
  2844 | D:4      | Reached XP level 7. HP: 68/70 MP: 5/7
  2884 | D:4      | Found a staircase to the Ecumenical Temple.
  3166 | D:4      | Found Xewa Puj's CLEARANCE SALE!.
  3401 | D:4      | Found a transporter.
  3759 | D:5      | Entered Level 5 of the Dungeon
  3817 | D:5      | Reached * piety under Qazlal
  3824 | D:5      | Reached skill level 10 in Fighting
  4161 | D:5      | Reached skill level 3 in Axes
  4177 | D:5      | Found a radiant altar of Vehumet.
  4251 | D:5      | Reached skill level 4 in Axes
  4258 | D:5      | Reached XP level 8. HP: 34/79 MP: 9/9
  4598 | D:6      | Reached skill level 5 in Axes
  4759 | D:6      | Paralysed by the fury of Uskayaw for 4 turns
  4771 | D:6      | Reached skill level 6 in Axes
  4891 | D:6      | Was forgiven by Uskayaw
  4953 | D:6      | Reached skill level 7 in Axes
  5103 | D:6      | Reached skill level 5 in Invocations
  5253 | D:6      | Found a runed translucent door.
  5322 | D:6      | Noticed jakobj's ghost (amateur DsGl)
  5694 | D:6      | Reached skill level 8 in Axes
  5816 | D:6      | Reached XP level 9. HP: 85/85 MP: 12/12
  5974 | D:6      | Killed jakobj's ghost
  5975 | D:6      | Reached skill level 9 in Axes
  6026 | D:7      | Noticed Joseph
  6028 | D:7      | Reached ** piety under Qazlal
  6293 | D:7      | Killed Joseph
  6294 | D:7      | Reached skill level 10 in Axes
  6434 | D:7      | Reached skill level 1 in Dodging
  6668 | D:7      | Noticed Menkaure
  6678 | D:7      | Killed Menkaure
  6745 | D:7      | Noticed Pikel
  6756 | D:7      | Killed Pikel
  6757 | D:7      | Reached skill level 5 in Dodging
  6757 | D:7      | Reached XP level 10. HP: 90/93 MP: 14/14
  7850 | D:8      | Reached *** piety under Qazlal
  8085 | D:8      | Found an ornate altar of the Wu Jian Council.
  8086 | D:8      | Found a sparkling altar of Nemelex Xobeh.
  8088 | D:8      | Found a bloodstained altar of Trog.
  8391 | D:8      | Reached **** piety under Qazlal
  9089 | D:9      | Noticed Maurice
  9117 | D:9      | Killed Maurice
  9118 | D:9      | Reached XP level 11. HP: 53/99 MP: 16/16
  9417 | D:9      | Reached skill level 10 in Dodging
  9453 | D:9      | Found a white marble altar of Elyvilon.
  9597 | D:9      | Noticed a two-headed ogre
  9609 | D:9      | Killed a two-headed ogre
  9700 | D:4      | Bought the +16 obsidian axe {drain, demonic, Mesm Drain Fly
                  | SInv} for 474 gold pieces
  9700 | D:4      | Found the +16 obsidian axe {drain, demonic, Mesm Drain Fly
                  | SInv}
  9733 | D:4      | Killed zoopyjoobles's ghost
 10089 | D:10     | Entered Level 10 of the Dungeon
 10190 | D:10     | Identified the +8 falchion of Absolution {flame, *Rage
                  | Int+2 Dex+3}
 10218 | D:10     | Found a snail-covered altar of Cheibriados.
 10283 | D:10     | Identified the +1 leather armour "Reciruapue" {Contam Str+2
                  | Int+3 Slay+2}
 10598 | D:10     | Found a staircase to the Orcish Mines.
 10749 | D:11     | Reached ***** piety under Qazlal
 10786 | D:11     | Reached skill level 5 in Armour
 10982 | D:11     | Found a staircase to the Lair.
 11003 | D:11     | Reached skill level 11 in Axes
 11255 | D:11     | Found a runed translucent door.
 11397 | D:11     | Noticed a two-headed ogre
 11401 | D:11     | Killed a two-headed ogre
 11403 | D:11     | Noticed an orc knight
 11412 | D:11     | Killed an orc knight
 11690 | D:12     | Noticed Psyche
 11693 | D:12     | Noticed Frances
 11696 | D:12     | Killed Psyche
 11701 | D:12     | Killed Frances
 11702 | D:12     | Reached XP level 12. HP: 78/106 MP: 18/18
 11835 | D:12     | Noticed Kirke
 11838 | D:12     | Reached skill level 12 in Axes
 11838 | D:12     | Reached skill level 10 in Armour
 11840 | D:12     | Killed Kirke
 12318 | D:13     | Noticed a boulder beetle
 12340 | D:13     | Killed a boulder beetle
 12621 | D:13     | Noticed a centaur warrior
 12623 | D:13     | Noticed a centaur warrior
 12627 | D:13     | Killed a centaur warrior
 12628 | D:13     | Killed a centaur warrior
 12629 | D:13     | Reached skill level 13 in Axes
 12629 | D:13     | Noticed a boulder beetle
 12629 | D:13     | Noticed a centaur warrior
 12633 | D:13     | Reached skill level 10 in Invocations
 12637 | D:13     | Killed a boulder beetle
 12640 | D:13     | Killed a centaur warrior
 12640 | D:13     | Noticed a four-headed hydra
 13008 | D:13     | Found a frozen archway.
 13033 | IceCv    | Entered an ice cave
 13048 | IceCv    | Reached ****** piety under Qazlal
 13098 | IceCv    | Reached XP level 13. HP: 90/116 MP: 19/19
 13189 | IceCv    | Noticed a reaper
 13194 | IceCv    | Slain by a reaper

Illustrated notes

Levels and vault maps discovered:
D:1:      heliophobic_arrival_dark_side_of_the_moon, layout_rooms,
          shapermc_ecumenical_altar_mp_urbaneastern, serial_shops, shop
D:2:      layout_loops_corners, serial_shops, nicolae_shop_tiny_waterfront
D:3:      layout_loops_ring, mainiacjoe_overflow_catwalk, serial_shops, shop,
          amcnicky_mini_rare_corridor_liquid, grunt_ministairs_4,
          minmay_circle_x, uniq_terence
D:4:      layout_layer_cave, grunt_temple_overflow_open,
          minmay_temple_entry_glassed_door, gammafunk_ghost_abyssal_escape,
          nicolae_shop_clearance, uniq_ijyb
D:5:      layout_basic, vehumet_crystals, nicolae_ossuary_entry_false_entrances
D:6:      layout_basic, ebering_ghost_sewer_d, st_stairs_14,
          chequers_decorated_corner, glass_columns_c
D:7:      layout_rooms, nicolae_nh_ransacked_shop, uniq_menkaure, uniq_pikel,
          uniq_joseph
D:8:      kennysheep_seaside_town, layout_loops_ring, minitemple
D:9:      layout_irregular_city, marbit_many_paths, uniq_maurice
D:10:     layout_roguey, mainiacjoe_overflow_alcove_4, orc_0_dummy,
          chequers_serial_rivers_micro_e, chequers_serial_rivers_small_b
D:11:     layout_cave_pools, erik_lair_island, lightli_church_of_beogh
D:12:     layout_gridville, uniq_kirke, uniq_frances, uniq_psyche
D:13:     minmay_opposing_rooms, layout_basic, portal_ice_cave_demonic_guard
IceCv:    ice_cave_small_demon

Skill      XL: |  1  2  3  4  5  6  7  8  9 10 11 12 |
---------------+-------------------------------------+-----
Fighting       | 4 5 6 8 9 10 11 | 11.5
Invocations    | 1 3 5 7 9 10 | 10.7
Axes           | 4 8 10 11 13 | 13.8
Dodging        | 5 9 10 | 10.6
Armour         | 9 11 | 11.6
Shields        | |  3.6

Action                     |  1- 3 |  4- 6 |  7- 9 | 10-12 | 13-15 || total
---------------------------+-------+-------+-------+-------+-------++-------
  Melee: War axe           |    87 |   115 |   247 |   280 |       ||   729
         Headbutt          |    12 |    14 |    46 |   102 |     6 ||   180
         Broad axe         |       |       |       |   183 |    18 ||   201
 Invoke: Renounce Religion |     1 |       |       |       |       ||     1
  Evoke: Wand              |       |       |     6 |     4 |       ||    10
    Use: Scroll            |       |     6 |     9 |     5 |       ||    20
         Potion            |       |       |     3 |     2 |     1 ||     6
   Stab: Distracted        |       |       |       |     2 |       ||     2
 Armour: Scale mail        |    41 |    73 |   111 |       |       ||   225
         Plate armour      |       |       |    26 |   189 |     4 ||   219
  Dodge: Dodged            |    30 |    51 |    85 |   150 |     8 ||   324
         Repelled          |       |       |       |     3 |       ||     3
  Block: Buckler           |     6 |       |       |       |       ||     6
         Kite shield       |    28 |    53 |   179 |   444 |    24 ||   728
